 Dungeon Crawl Stone Soup version 0.25-a0-843-g6944ee31a2 (webtiles) character file.

Game seed: 10032824701837495361, levelgen mode: deterministic

109 tilp the Bolt Thrower (level 5, 0/29 HPs)
             Began as a Kobold Arcane Marksman on Apr 25, 2020.
             Slain by an orc
             ... wielding a +0 short sword
              (6 damage)
             ... on level 3 of the Dungeon.
             The game lasted 00:05:38 (3033 turns).

tilp the Bolt Thrower (Kobold Arcane Marksman)      Turns: 3033, Time: 00:05:39

Health: 0/29       AC:  3    Str:  8    XL:     5   Next: 13%
Magic:  6/6        EV: 15    Int: 14    God:
Gold:   104        SH:  0    Dex: 16    Spells: 3/6 levels left

rFire    . . .     SeeInvis .   a - +0 hand crossbow
rCold    . . .     Gourm    .   (shield restricted)
rNeg     . . .     Faith    .   q - +0 robe (curse)
rPois    .         Spirit   .   (no helmet)
rElec    .         Reflect  .   e - +0 cloak
rCorr    .         Harm     .   (no gloves)
MR       .....                  (no boots)
Stlth    +.........             (no amulet)
HPRegen  0.09/turn              (no ring)
MPRegen  0.10/turn              (no ring)

@: no status effects
A: small, carnivore
a: no special abilities


You were on level 3 of the Dungeon.
You were completely stuffed.

You visited 1 branch of the dungeon, and saw 3 of its levels.

You collected 104 gold pieces.

Inventory:

Hand Weapons
 a - a +0 hand crossbow (weapon)
 b - a +0 mace
 l - a +0 short sword
 m - a +0 dagger of speed
Missiles
 d - 19 bolts (quivered)
Armour
 e - a +0 cloak (worn)
 q - a cursed +0 robe (worn)
 s - a +0 leather armour
Jewellery
 n - an uncursed ring of flight {unknown}
Scrolls
 f - a scroll of immolation {unknown}
 h - a scroll of blinking {unknown}
 i - a scroll of remove curse {unknown}
 j - a scroll of amnesia {unknown}
 k - a scroll of enchant weapon {unknown}
Potions
 g - a potion of lignification
 o - 2 potions of heal wounds
 p - a potion of curing {unknown}
Comestibles
 c - 5 rations


   Skills:
 - Level 1.1 Fighting
 + Level 5.9 Crossbows
 - Level 2.4 Dodging
 - Level 1.1 Spellcasting
 - Level 3.0 Hexes


You had 3 spell levels left.
You knew the following spells:

 Your Spells              Type           Power        Failure   Level  Hunger
a - Corona                Hex            #......      8%          1    ##.....
b - Slow                  Hex            #.......     12%         2    ###....

Your spell library contained the following spells:

 Spells                   Type           Power        Failure   Level  Hunger
 Inner Flame              Hex/Fire       #.......     38%         3    ####...
 Portal Projectile        Hex/Tloc       #.....       38%         3    ####...
 Cause Fear               Hex            #.........   58%         4    #####..
 Leda's Liquefaction      Hex/Erth       #.........   80%         4    #####..


Dungeon Overview and Level Annotations

Branches:
Dungeon (3/15)

Altars:

Annotations:
D:3 Sigmund


Innate Abilities, Weirdness & Mutations

You are small and have problems with some larger weapons.
You are carnivorous and can eat meat at any time.


Message History

Press: ? - help, Shift-Dir - straight line, f/p - orc
Aim: an orc, wielding a +0 short sword and wearing a +0 leather armour (heavily wounded)
You shoot a bolt. The bolt barely misses the orc.
The orc completely misses you.
Firing (i - inventory)
d - 22 bolts (quivered)
Press: ? - help, Shift-Dir - straight line, f/p - orc
Aim: an orc, wielding a +0 short sword and wearing a +0 leather armour (heavily wounded)
You shoot a bolt. The bolt completely misses the orc.
The orc barely misses you. The orc misses you.
Firing (i - inventory)
d - 21 bolts (quivered)
Press: ? - help, Shift-Dir - straight line, f/p - orc
Aim: an orc, wielding a +0 short sword and wearing a +0 leather armour (heavily wounded)
You shoot a bolt. The bolt barely misses the orc.
The orc hits you but does no damage.
Firing (i - inventory)
d - 20 bolts (quivered)
Press: ? - help, Shift-Dir - straight line, f/p - orc
Aim: an orc, wielding a +0 short sword and wearing a +0 leather armour (heavily wounded)
You shoot a bolt. The bolt completely misses the orc.
The orc hits you with a +0 short sword.
You die...

######## #......#
#.####.# #.#..#.#
#...<#)#
#####################)###
#....o(..(..)..o@.......#
#+#...###################
...... ...... ......
...... ....oo .o....


You could see an orc.

Vanquished Creatures
  A worker ant (D:2)
  An adder (D:2)
  3 worms (D:2)
  3 dart slugs
  6 orcs (D:3)
  A giant cockroach (D:1)
  4 goblins (D:1)
  6 hobgoblins
  7 jackals
  4 kobolds
  A quokka (D:2)
  A ball python (D:1)
  9 bats
  A frilled lizard (D:2)
  5 rats
53 creatures vanquished.

Notes
Turn   | Place    | Note
-------+----------+-------------------------------------------
     0 | D:1      | tilp the Kobold Arcane Marksman began the quest for the
                  | Orb.
     0 | D:1      | Reached XP level 1. HP: 12/12 MP: 2/2
    60 | D:1      | Reached skill level 3 in Crossbows
    74 | D:1      | Reached XP level 2. HP: 14/16 MP: 1/3
    88 | D:1      | Learned a level 2 spell: Slow
   554 | D:1      | Reached skill level 4 in Crossbows
   554 | D:1      | Reached XP level 3. HP: 13/20 MP: 4/4
  1662 | D:2      | Reached skill level 5 in Crossbows
  1662 | D:2      | Reached XP level 4. HP: 2/25 MP: 5/5
  2664 | D:3      | Noticed Sigmund
  2751 | D:3      | Reached XP level 5. HP: 26/29 MP: 6/6
  3033 | D:3      | Slain by an orc

Levels and vault maps discovered:
D:1:      lemuel_arrival_behind_the_door_small, layout_loops_ring
D:2:      layout_basic
D:3:      layout_basic, kiku_gazebo_garden_becter, fiery_altar_vehumet,
          first_ration, uniq_sigmund

Skill      XL: |  1  2  3 |
---------------+----------+-----
Crossbows      | 3 4 5 |  5.9
Fighting       | |  1.1
Dodging        | |  2.4
Spellcasting   | |  1.1
Hexes          | |  3.0

Action                   |  1- 3 |  4- 6 || total
-------------------------+-------+-------++-------
Melee: Short sword       |    91 |       ||    91
       Mace              |    24 |    52 ||    76
 Fire: Hand crossbow     |    25 |    37 ||    62
 Cast: Corona            |    14 |       ||    14
  Use: Scroll            |       |     2 ||     2
       Potion            |       |     1 ||     1
 Stab: Sleeping          |     3 |       ||     3
  Eat: Chunk             |    11 |     5 ||    16
Armor: Robe              |    25 |    13 ||    38
Dodge: Dodged            |   138 |    73 ||   211

Table legend:
 A = Non-vault XP
 B = Vault XP
 C = Vault XP percentage of total XP
 D = Non-vault monster count
 E = Vault monster count
 F = Vault count percentage of total count
                 A         B        C        D         E       F
            +---------+---------+-------+---------+---------+-------
      Total |     156 |       0 |   0.0 |      53 |       0 |   0.0
            +---------+---------+-------+---------+---------+-------
        D:1 |      47 |       0 |   0.0 |      27 |       0 |   0.0
        D:2 |      88 |       0 |   0.0 |      18 |       0 |   0.0
        D:3 |      21 |       0 |   0.0 |       8 |       0 |   0.0
            +---------+---------+-------+---------+---------+-------
